 Dungeon Crawl Stone Soup version 0.31-a0-702-gf82c85558f (webtiles) character file.

Game seed: 6393080284642322880

1148 qw the Skirmisher (level 8, -14/49 HPs)
             Began as a Gargoyle Hunter on Sept 7, 2023.
             Was an Initiate of Okawaru.
             Killed from afar by a steam dragon (21 damage)
             ... with a ball of steam
             ... on level 6 of the Dungeon.
             The game lasted 00:01:40 (4816 turns).

qw the Skirmisher (Gargoyle Hunter)                 Turns: 4816, Time: 00:01:40

Health: -14/49     AC: 14    Str: 15    XL:     8   Next: 38%
Magic:  7/9        EV: 14    Int: 10    God:    Okawaru [......]
Gold:   264        SH:  0    Dex: 15    Spells: 7/7 levels left

rFire   . . .        Y - +1 shortbow
rCold   . . .        (shield currently unavailable)
rNeg    + + .        d - +0 ring mail
rPois   inf          (no helmet)
rElec   +            (no cloak)
rCorr   .            l - +0 pair of gloves
SInv    +            c - +0 pair of boots
Will    .....        (no amulet)
Stlth   ++++         a - ring of see invisible
HPRegen 0.28/turn    o - ring of positive energy
MPRegen 0.11/turn

%: no passive effects
@: heroic
A: sickness immunity, AC +5, negative energy resistance 1, electricity
resistance, torment resistance 1, petrification resistance, camouflage 1, sense
surroundings 1
a: Renounce Religion


You were on level 6 of the Dungeon.
You worshipped Okawaru.
Okawaru was noncommittal.
You visited 2 branches of the dungeon, and saw 7 of its levels.

You collected 351 gold pieces.
You spent 87 gold pieces at shops.


Innate Abilities, Weirdness & Mutations

You are immune to sickness and miasma.
Your stone body is resilient. (AC +5)
You are immune to poison.
You resist negative energy. (rN+)
You are resistant to electric shocks. (rElec)
You are resistant to unholy torment.
You are immune to petrification.
Your skin changes colour to match your surroundings (Stealth+).
You passively map a small area around you.


   Skills:
 - Level 5.0(10.0) Fighting
 + Level 8.8(13.8) Ranged Weapons
 - Level 2.3(7.3) Armour
 - Level 2.6(7.6) Dodging
 - Level 1.1(6.1) Stealth
 - Level 1.4 Invocations


You had 7 spell levels left.
You didn't know any spells.
Your spell library was empty.

Inventory:

Hand Weapons
 Y - a +1 shortbow (weapon)
Armour
 c - a +0 pair of boots (worn)
 d - a +0 ring mail (worn)
 l - a +0 pair of gloves (worn)
Jewellery
 a - a ring of see invisible (left hand)
 o - a ring of positive energy (right hand)
Wands
 g - a wand of digging (6)
Scrolls
 b - 2 scrolls of identify
 k - a scroll of poison {unknown}
 m - a scroll of torment {unknown}
 n - a scroll of noise {unknown}
Potions
 e - a potion of heal wounds
 f - a potion of haste
 h - 2 potions of enlightenment
 i - a potion of curing
 j - 2 potions of mutation

Dungeon Overview and Level Annotations

Branches:
Dungeon (6/15)             Temple (1/1) D:5

Altars:
Ashenzari
Cheibriados
Dithmenos
Elyvilon
Fedhas
Gozag
Hepliaklqana
Kikubaaqudgha
Makhleb
Nemelex Xobeh
Okawaru
Qazlal
Ru
Sif Muna
Trog
Uskayaw
Vehumet
Wu Jian
Xom
Yredelemnul
Zin
The Shining One

Shops:
D:1 (   D:3 *   D:6 :

Annotations:
D:5 exclusion: dart slug


Message History

The steam dragon moves out of view.
The steam dragon breathes steam at you. The ball of steam hits you!!
4807 ||| Stepping ~*~*~tactically~*~*~ (cloud).
4808 ||| INVOKING Heroism.
You gain the combat prowess of a mighty hero.
You can no longer gain great but temporary skills.
You shoot an arrow. The arrow hits the steam dragon!
The steam dragon is moderately wounded.
An iguana comes into view.
You shoot an arrow. The iguana hisses angrily.
The arrow hits the steam dragon but does no damage.
The steam dragon is moderately wounded.
You shoot an arrow. The arrow hits the steam dragon.
The steam dragon is heavily wounded.
You shoot an arrow. The arrow hits the steam dragon!
The steam dragon is severely wounded.
The steam dragon breathes steam at you. The ball of steam hits you!
You shoot an arrow.
The arrow closely misses the steam dragon.
You are engulfed in a cloud of scalding steam.
The steam dragon barely misses you.
The steam dragon claws you but does no damage.
You shoot an arrow. The arrow hits the steam dragon.
The steam dragon is severely wounded.
You are engulfed in a cloud of scalding steam.
The steam dragon bites you but does no damage.
The steam dragon closely misses you.
You shoot an arrow.
The arrow barely misses the steam dragon.
You are engulfed in a cloud of scalding steam.
You shoot an arrow.
The arrow closely misses the steam dragon.
The iguana hisses menacingly.
The iguana bites you! The steam dragon breathes steam at you.
The ball of steam hits you!!
You die...

....# , .?|..##
.......#######
............. *
...........D ,
,........# * *,
* * * #....#* *
#lD.# ##@.# ,
#..# #..# *
##¤¤#
######¤.¤#
####.....¤.¤#
*,
##...####....##
##..###
###...## #..##
#.....# *


You could see a steam dragon (catching breath) and an iguana.

Vanquished Creatures
  An ice beast (D:5)
  A phantom (D:4)
  6 scorpions
  Dowan (D:5)
  A howler monkey (D:5)
  2 jellies
  A hound (D:5)
  3 iguanas
  A sleepcap (D:5)
  4 orc wizards
  6 adders
  3 gnolls (D:3)
  An ufetubus (D:5)
  A worm (D:4)
  2 dart slugs (D:2)
  11 orcs
  3 ball pythons
  7 bats
  6 endoplasms
  3 giant cockroaches
  4 goblins
  3 hobgoblins (D:4)
  A quokka (D:3)
  3 frilled lizards
  5 kobolds
  3 rats
83 creatures vanquished.

Vanquished Creatures (others)
  Duvessa (D:5)
1 creature vanquished.

Grand Total: 84 creatures vanquished

Notes
Turn   | Place    | Note
-------+----------+-------------------------------------------
     0 | D:1      | qw the Gargoyle Hunter began the quest for the Orb.
     0 | D:1      | Reached XP level 1. HP: 12/12 MP: 1/1
     0 | D:1      | 0 ||| qw: Version: 0.3-a-76-g4403597
     0 | D:1      | 0 ||| qw: Game counter: 881
     0 | D:1      | 0 ||| qw: Melee chars always use a shield: true
     0 | D:1      | 0 ||| qw: God list: Okawaru
     0 | D:1      | 0 ||| qw: Allow faded altars: false
     0 | D:1      | 0 ||| qw: Do Orc after clearing Dungeon:15 true
     0 | D:1      | 0 ||| qw: Do second Lair branch before Depths: true
     0 | D:1      | 0 ||| qw: Lair rune preference: random
     0 | D:1      | 0 ||| qw: Goals: Normal
     0 | D:1      | 0 ||| PLANNING D:1-11
   290 | D:1      | Reached XP level 2. HP: 17/17 MP: 2/2
   614 | D:1      | Found Issantis's Antique Weapon Shop.
   963 | D:1      | Found a bloodstained altar of Trog.
   968 | D:1      | 968 ||| READING scroll labelled YSISCH ENUSHI.
   969 | D:1      | 969 ||| READING scroll labelled HEBBANOTOI.
   971 | D:1      | 971 ||| DRINKING 2 fizzy pink potions.
   981 | D:1      | 981 ||| DROPPING scroll of butterflies.
  1073 | D:2      | Reached XP level 3. HP: 21/21 MP: 3/3
  1257 | D:2      | Reached skill level 5 in Ranged Weapons
  1691 | D:2      | 1691 ||| UPGRADING to +0 ring mail.
  1701 | D:2      | 1701 ||| DROPPING +0 leather armour.
  1702 | D:2      | 1702 ||| UPGRADING to ring of see invisible.
  1703 | D:2      | 1703 ||| READING 2 scrolls labelled BULAMA YLENIN.
  1847 | D:3      | Found Exkef's Assorted Antiques.
  1855 | D:3      | 1855 ||| SHOPLISTING blackened diamond amulet (150 gold,
                  | have 87).
  1855 | D:3      | 1855 ||| SHOPLISTING brass wand (120 gold, have 87).
  1855 | D:3      | 1855 ||| BUYING bubbling cyan potion (27 gold).
  1855 | D:3      | Bought a bubbling cyan potion for 27 gold pieces
  1855 | D:3      | 1855 ||| BUYING scroll labelled ITREPSUXKU (30 gold).
  1855 | D:3      | Bought a scroll labelled ITREPSUXKU for 30 gold pieces
  1855 | D:3      | 1855 ||| BUYING scroll labelled XUGYNE NABIHUTT (30 gold).
  1855 | D:3      | Bought a scroll labelled XUGYNE NABIHUTT for 30 gold pieces
  1861 | D:3      | 1861 ||| RETREATING.
  1867 | D:3      | Reached skill level 1 in Armour
  1873 | D:3      | Reached skill level 3 in Fighting
  1873 | D:3      | Reached XP level 4. HP: 7/28 MP: 4/4
  1875 | D:3      | HP: 4/28 [gnoll/+0 spear (4)]
  2079 | D:3      | Found an ancient bone altar of Kikubaaqudgha.
  2081 | D:3      | Found a sacrificial altar of Ru.
  2082 | D:3      | Found a snail-covered altar of Cheibriados.
  2233 | D:3      | Found a basalt altar of Yredelemnul.
  2463 | D:3      | 2463 ||| UPGRADING to +0 pair of gloves.
  2468 | D:3      | 2468 ||| READING scroll labelled ITREPSUXKU.
  2471 | D:3      | 2471 ||| READING scroll labelled XUGYNE NABIHUTT.
  2472 | D:3      | 2472 ||| DRINKING 2 bubbling cyan potions.
  2473 | D:3      | 2473 ||| READING 4 scrolls of identify.
  2473 | D:3      | 2473 ||| IDENTIFYING pink potion
  2474 | D:3      | 2474 ||| READING 3 scrolls of identify.
  2474 | D:3      | 2474 ||| IDENTIFYING white potion
  2475 | D:3      | 2475 ||| READING 2 scrolls of identify.
  2475 | D:3      | 2475 ||| IDENTIFYING glowing brown potion
  2476 | D:3      | 2476 ||| DROPPING potion of berserk rage.
  2501 | D:4      | Noticed a scorpion
  2512 | D:4      | Killed a scorpion
  2513 | D:4      | Reached XP level 5. HP: 19/32 MP: 5/5
  2591 | D:4      | Found a white marble altar of Elyvilon.
  2592 | D:4      | Found a shimmering blue altar of Sif Muna.
  2608 | D:4      | Reached skill level 6 in Ranged Weapons
  2618 | D:4      | Noticed a phantom
  2619 | D:4      | 2619 ||| FLEEEEING.
  2703 | D:4      | Found a bloodstained altar of Trog.
  2704 | D:4      | Found an opulent altar of Gozag.
  2730 | D:4      | Killed a phantom
  2731 | D:4      | Reached XP level 6. HP: 27/38 MP: 6/6
  3322 | D:4      | 3322 ||| UPGRADING to +0 pair of boots.
  3327 | D:4      | 3327 ||| UPGRADING to ring of positive energy.
  3328 | D:4      | 3328 ||| READING scroll labelled VOMUXO QUOTZ.
  3329 | D:4      | 3329 ||| READING scroll labelled FOUMAU QOAR.
  3330 | D:4      | 3330 ||| DRINKING 2 smoky orange potions.
  3330 | D:4      | Gained mutation: Your skin changes colour to match your
                  | surroundings (Stealth+). [potion of mutation]
  3330 | D:4      | Gained mutation: You passively map a small area around you.
                  | [potion of mutation]
  3331 | D:4      | 3331 ||| DRINKING 2 viscous silvery potions.
  3332 | D:4      | 3332 ||| READING 3 scrolls of identify.
  3332 | D:4      | 3332 ||| IDENTIFYING bubbling grey potion
  3333 | D:4      | 3333 ||| DROPPING potion of degeneration.
  3334 | D:4      | 3334 ||| DROPPING potion of brilliance.
  3379 | D:5      | Entered Level 5 of the Dungeon
  3391 | D:5      | Reached skill level 7 in Ranged Weapons
  3430 | D:5      | Found a staircase to the Ecumenical Temple.
  3431 | D:5      | 3431 ||| PLANNING TEMPLE
  3439 | Temple   | Entered the Ecumenical Temple
  3440 | Temple   | 3440 ||| PLANNING OKAWARU WORSHIP
  3461 | Temple   | Became a worshipper of Warmaster Okawaru
  3462 | Temple   | 3462 ||| PLANNING D:1-11
  3487 | D:5      | 3487 ||| DRINKING 2 potions of curing.
  3487 | D:5      | 3487 ||| (to cure confusion)
  3490 | D:5      | Reached XP level 7. HP: 43/43 MP: 7/7
  4156 | D:5      | Reached skill level 8 in Ranged Weapons
  4162 | D:5      | Reached * piety under Okawaru
  4255 | D:5      | Identified the +10 spear of Pandemonium {protect, *Slow
                  | Fragile rElec rN+++}
  4269 | D:5      | Reached skill level 1 in Invocations
  4269 | D:5      | Reached XP level 8. HP: 49/49 MP: 8/8
  4269 | D:5      | Noticed Duvessa
  4269 | D:5      | Noticed Dowan
  4270 | D:5      | 4270 ||| INVOKING Heroism.
  4283 | D:5      | 4283 ||| INVOKING Heroism.
  4290 | D:5      | Killed Duvessa
  4299 | D:5      | Killed Dowan
  4619 | D:6      | 4619 ||| Stepping ~*~*~tactically~*~*~ (outnumbered).
  4696 | D:6      | Found Mumn's Book Boutique.
  4807 | D:6      | 4807 ||| Stepping ~*~*~tactically~*~*~ (cloud).
  4808 | D:6      | 4808 ||| INVOKING Heroism.
  4816 | D:6      | HP: 7/49 [iguana (9)]
  4816 | D:6      | Killed from afar by a steam dragon

Levels and vault maps discovered:
D:1:      dpeg_arrival_lava_altar, layout_basic, serial_shops, shop,
          hangedman_glass_teeth
D:2:      layout_loops_ring, minmay_misc_feat_hallway
D:3:      layout_basic, nicolae_overflow_macrodata_refinement, serial_shops,
          shop
D:4:      layout_basic, grunt_temple_overflow_open
D:5:      layout_gridville, minmay_temple_entry_junction, serial_bayou,
          serial_bayou_ford_a, serial_bayou_crossing, serial_bayou_pond_e,
          serial_bayou_shore_a, grunt_tough_drop, uniq_duvessa
D:6:      layout_layer_cave, serial_shops, shop, abandoned_shop
Temple:   jpeg_temple_clearing

Skill      XL: |  1  2  3  4  5  6  7  8 |
---------------+-------------------------+-----
Ranged Weapons | 5 6 7 8 |  8.8
Armour         | 1 2 |  2.3
Fighting       | 3 4 5 |  5.0
Invocations    | 1 |  1.4
Dodging        | 2 |  2.6
Stealth        | |  1.1

Action                     |  1- 3 |  4- 6 |  7- 9 || total
---------------------------+-------+-------+-------++-------
   Fire: Shortbow          |    83 |   130 |   161 ||   374
 Invoke: Heroism           |       |       |     3 ||     3
    Use: Scroll            |     3 |     8 |       ||    11
         Potion            |     1 |     4 |       ||     5
 Armour: Leather armour    |    16 |       |       ||    16
         Ring mail         |    12 |    56 |    59 ||   127
  Dodge: Dodged            |    17 |    45 |    40 ||   102

Table legend:
 A = Non-vault XP
 B = Vault XP
 C = Vault XP percentage of total XP
 D = Non-vault monster count
 E = Vault monster count
 F = Vault count percentage of total count
                 A         B        C        D         E       F
            +---------+---------+-------+---------+---------+-------
      Total |    1207 |     434 |  26.4 |      79 |       5 |   6.0
            +---------+---------+-------+---------+---------+-------
        D:1 |      21 |       0 |   0.0 |      15 |       0 |   0.0
        D:2 |      40 |       0 |   0.0 |      14 |       0 |   0.0
        D:3 |      63 |       0 |   0.0 |       8 |       0 |   0.0
        D:4 |     348 |       0 |   0.0 |      17 |       0 |   0.0
        D:5 |     527 |     434 |  45.2 |      15 |       5 |  25.0
        D:6 |     208 |       0 |   0.0 |      10 |       0 |   0.0
            +---------+---------+-------+---------+---------+-------
